 Dungeon Crawl Stone Soup version 0.26-a0-1020-ge47f559bc5 (webtiles) character file.

Game seed: 1371557525868395677

491 KristoblXynda the Slasher (level 6, -1/53 HPs)
             Began as a Draconian Gladiator on Dec 8, 2020.
             Slain by a sky beast (6 damage)
             ... on level 4 of the Dungeon.
             The game lasted 00:04:51 (3466 turns).

KristoblXynda the Slasher (Draconian Gladiator)     Turns: 3466, Time: 00:04:51

Health: -1/53      AC:  7    Str: 17    XL:     6   Next: 91%
Magic:  6/6        EV: 14    Int:  9    God:
Gold:   201        SH:  0    Dex: 13    Spells: 5/5 levels left

rFire    . . .     SeeInvis .   k - +1 dagger (freeze)
rCold    . . .     Faith    .   (no shield)
rNeg     . . .     Spirit   .   (armour unavailable)
rPois    .         Reflect  .   b - +0 hat
rElec    .         Harm     .   p - +0 cloak
rCorr    .         Rampage  .   (no gloves)
Will     .....                  (no boots)
Stlth    +.........             (no amulet)
HPRegen  0.17/turn              (no ring)
MPRegen  0.10/turn              (no ring)

@: brilliant
A: unfitting armour, cold-blooded, AC +6
a: no special abilities


You were on level 4 of the Dungeon.
You visited 1 branch of the dungeon, and saw 4 of its levels.

You collected 201 gold pieces.

Inventory:

Hand Weapons
 a - a +0 long sword
 k - a +1 dagger of freezing (weapon)
Armour
 b - a +0 hat (worn)
 p - a +0 cloak (worn)
Jewellery
 l - an uncursed ring of ice
Scrolls
 c - a scroll of identify
 e - a scroll of immolation
 g - a scroll of blinking
 i - 2 scrolls of enchant weapon
 j - a scroll of enchant armour
 o - 2 scrolls of remove curse
Potions
 m - a potion of magic
 n - a potion of resistance


   Skills:
 + Level 4.4 Fighting
 * Level 5.9 Long Blades
 - Level 2.0 Throwing
 + Level 4.2 Dodging


You had 5 spell levels left.
You didn't know any spells.
Your spell library was empty.

Dungeon Overview and Level Annotations

Branches:
Dungeon (4/15)
 Temple: D:4-7

Altars:


Innate Abilities, Weirdness & Mutations

Your plain brown scales are hard. (AC +6)
You cannot fit into any form of body armour.
You are cold-blooded and may be slowed by cold attacks.


Message History

The adder skeleton is heavily damaged.
You closely miss the sky beast. You miss the sky beast.
Your tail-slap misses the sky beast.
The sky beast hits you. The sky beast shocks you.
You barely miss the sky beast. The sky beast hits you.
The sky beast shocks you.
* * * LOW HITPOINT WARNING * * *
You hit the sky beast. You freeze the sky beast.
The sky beast is lightly wounded.
The sky beast hits you but does no damage.
It was a potion of curing.
You feel better. The sky beast hits you.
* * * LOW HITPOINT WARNING * * *
The sky beast shocks you.
* * * LOW HITPOINT WARNING * * *
It was a potion of brilliance.
You feel clever all of a sudden. The sky beast hits you.
* * * LOW HITPOINT WARNING * * *
The sky beast shocks you.
You die...

#.# #.# #.# ##
##.##
[##########..<###
#.#.............#
##
#...#######...#.#
.. #.###
##.##.##.###..
.## #.##.@YB≈....
## #.#####Z###..
# #+# # #####
....# ##..#
#...####
.......'.
#...####.


You could see a sky beast, a worker ant and an adder skeleton.

Vanquished Creatures
  Sigmund (D:3)
  An ogre (D:4)
  A howler monkey (D:4)
  Crazy Yiuf (D:3)
  Ijyb (D:3)
  2 worker ants (D:4)
  A hound skeleton (D:3)
  3 adders
  An adder skeleton (D:4)
  2 worms (D:3)
  2 dart slugs
  2 leopard geckos
  3 orcs (D:3)
  3 bats
  A giant cockroach (D:3)
  4 goblins (D:3)
  5 hobgoblins
  6 jackals
  5 kobolds
  A quokka (D:2)
  4 frilled lizards
  8 rats
58 creatures vanquished.

Notes
Turn   | Place    | Note
-------+----------+-------------------------------------------
     0 | D:1      | KristoblXynda the Draconian Gladiator began the quest for
                  | the Orb.
     0 | D:1      | Reached XP level 1. HP: 17/17 MP: 1/1
   290 | D:1      | Reached XP level 2. HP: 25/25 MP: 2/2
   823 | D:2      | Reached XP level 3. HP: 28/30 MP: 3/3
  1523 | D:3      | Found a runed translucent door.
  1524 | D:3      | Noticed Crazy Yiuf
  1553 | D:3      | Noticed Ijyb
  1618 | D:3      | Killed Ijyb
  1619 | D:3      | Reached skill level 4 in Long Blades
  1619 | D:3      | Reached XP level 4. HP: 15/38 MP: 4/4
  2637 | D:3      | Noticed Sigmund
  2644 | D:3      | Killed Sigmund
  2645 | D:3      | Reached skill level 5 in Long Blades
  2645 | D:3      | Reached XP level 5. HP: 46/46 MP: 5/5
  2645 | D:3      | Reached XP level 6. HP: 52/52 MP: 6/6
  3096 | D:3      | Killed Crazy Yiuf
  3444 | D:4      | Noticed a sky beast
  3466 | D:4      | Slain by a sky beast

Illustrated notes

Levels and vault maps discovered:
D:1:      erik_arrival_orb_chamber, layout_loops_ring
D:2:      layout_loops_cross, amethyst_killhole
D:3:      layout_basic, uniq_crazy_yiuf_cottage, uniq_ijyb, uniq_sigmund
D:4:      layout_loops_corners, overflow_temple_1_default, portal_sewer_entry_b,
          uniq_robin, uniq_menkaure

Skill      XL: |  1  2  3  4  5  6 |
---------------+-------------------+-----
Throwing       | 2 |  2.0
Dodging        | 3 4 |  4.2
Fighting       | 3 4 |  4.4
Long Blades    | 4 5 |  5.9

Action                   |  1- 3 |  4- 6 || total
-------------------------+-------+-------++-------
Melee: Long sword        |    52 |       ||    52
       Tailslap          |    11 |    26 ||    37
       Dagger            |    30 |   178 ||   208
       Unarmed           |    20 |       ||    20
Throw: Throwing net      |     1 |     2 ||     3
  Use: Potion            |     1 |     3 ||     4
       Scroll            |       |    10 ||    10
 Stab: Sleeping          |     1 |     2 ||     3
Armor: Skin              |    25 |    35 ||    60
Dodge: Dodged            |    68 |    96 ||   164
       Rpst.: Long sword |    18 |       ||    18

Table legend: (Time is in decaauts)
 A = Elapsed time spent in this place.
 B = Non-inter-level travel time spent in this place.
 C = Inter-level travel time spent in this place.
 D = Time resting spent in this place.
 E = Time spent auto-exploring this place.
 F = Levels seen in this place.
 G = Mean time per level.
                   A        B        C        D        E       F      G
               +--------+--------+--------+--------+--------+-----+--------+
         Total |   3442 |   3358 |     84 |    617 |   2054 |   4 |  860.5 |
       Dungeon |   3442 |   3358 |     84 |    617 |   2054 |   4 |  860.5 |
               +--------+--------+--------+--------+--------+-----+--------+

Top non-repeatable levels by time:
     D:3: 1608 daAuts
     D:1: 802 daAuts
     D:2: 697 daAuts
     D:4: 334 daAuts
